 Dungeon Crawl Stone Soup version 0.17-a0-2109-g117576f (webtiles) character file.

256 fredomojojo the Shield-Bearer (level 6, -22/48 HPs)
             Began as a Human Fighter on Oct 19, 2015.
             Annihilated by an ogre
             ... wielding a +0 giant spiked club
              (27 damage)
             ... on level 5 of the Dungeon.
             The game lasted 00:51:27 (1838 turns).

fredomojojo the Shield-Bearer (Human Fighter)       Turns: 1838, Time: 00:51:27

Health: -22/48     AC: 15    Str: 18      XL:     6   Next: 38%
Magic:  6/6        EV:  3    Int:  7 (8)  God:
Gold:   68         SH:  9    Dex: 13      Spells: 0 memorised, 5 levels left

rFire  . . .     SeeInvis .     m - +2 hand axe (freeze)
rCold  . . .     Clarity  .     h - +4 plate armour
rNeg   . . .     SustAt   .     c - +0 shield
rPois  .         Gourm    .     (no helmet)
rElec  .         Spirit   .     (no cloak)
rCorr  .         Warding  .     (no gloves)
rMut   .         Stasis   .     (no boots)
MR     .....                    (no amulet)
Stlth  ..........               (no ring)
                                (no ring)

@: not resistant to hostile enchantments, extremely unstealthy
A: no striking features
a: no special abilities


You were on level 5 of the Dungeon.
You were not hungry.

You visited 1 branch of the dungeon, and saw 4 of its levels.

You collected 68 gold pieces.

Inventory:

Hand Weapons
 a - a +0 long sword
 d - a +2 scythe of slicing
 f - a +0 club
 i - a +0 hunting sling
 m - a +2 hand axe of freezing (weapon)
 r - a +0 morningstar
Missiles
 b - 53 stones
 g - 37 arrows
 l - 18 bolts (quivered)
Armour
 c - a +0 shield (worn)
 h - a +4 plate armour (worn)
Scrolls
 n - a scroll of identify
 p - a scroll of remove curse
Potions
 q - a potion of agility
Books
 o - an Akashic Record

   Spells                             Type                      Level
   a - Dispersal                      Translocation                6
   b - Controlled Blink               Translocation                7
   c - Malign Gateway                 Summoning/Translocation      7
   d - Disjunction                    Translocation                8
Comestibles
 e - 2 bread rations


   Skills:
 + Level 3.8 Fighting
 + Level 2.8 Long Blades
 + Level 0.8 Axes
 + Level 0.2(0.5) Maces & Flails
 + Level 0.6 Slings
 + Level 3.9 Armour
 + Level 1.3 Dodging
 + Level 4.6 Shields


You had 5 spell levels left.
You didn't know any spells.

Dungeon Overview and Level Annotations

Branches:
Dungeon (5/15)
 Temple: D:4-7

Altars:
Trog

Annotations:
D:4 Dowan, Duvessa, Pikel


Message History

* * * LOW HITPOINT WARNING * * *
The orc wizard gestures wildly while chanting.
The orc wizard flickers and vanishes!
Deactivating autopickup; reactivate with Ctrl-A.
The slave hits you but does no damage.
You hit the slave. You freeze the slave.
The slave is almost dead.
Your surroundings suddenly seem different.
Found a bloodstained altar of Trog.
Unknown command.
The ogre hits you with a giant spiked club!!
You block the ogre's attack.
The ogre hits you with a giant spiked club.
* * * LOW HITPOINT WARNING * * *
The ogre hits you with a giant spiked club!
* * * LOW HITPOINT WARNING * * *
You completely miss the ogre.
The ogre hits you with a giant spiked club!!
Ouch! That really hurt!
You die...

#
####.#...
#........
#@#
#....O.#
........#
##.._...#
#......#
#
#......#
#
####...#
. ###..


You could see an ogre.

Vanquished Creatures
  Sigmund (D:2)
  A worker ant (D:4)
  A hound skeleton (D:4)
  2 adders
  A giant gecko (D:1)
  An orc (D:5)
  8 bats
  A giant cockroach (D:2)
  3 goblins
  7 hobgoblins
  3 jackals (D:1)
  6 kobolds
  A ball python (D:2)
  4 giant newts
  7 rats
47 creatures vanquished.

Notes
Turn   | Place    | Note
--------------------------------------------------------------
     0 | D:1      | fredomojojo the Human Fighter began the quest for the Orb.
     0 | D:1      | Reached XP level 1. HP: 18/18 MP: 1/1
   110 | D:1      | Reached XP level 2. HP: 21/24 MP: 2/2
   391 | D:1      | Reached XP level 3. HP: 29/29 MP: 3/3
   693 | D:1      | Reached skill level 1 in Dodging
   714 | D:2      | Noticed Sigmund
  1036 | D:2      | Reached XP level 4. HP: 35/35 MP: 4/4
  1458 | D:2      | Killed Sigmund
  1458 | D:2      | Reached skill level 4 in Shields
  1458 | D:2      | Reached XP level 5. HP: 35/41 MP: 5/5
  1458 | D:2      | Reached XP level 6. HP: 40/47 MP: 6/6
  1472 | D:2      | You fall through a shaft for 2 floors!
  1495 | D:4      | Noticed a slave
  1496 | D:4      | Noticed a slave
  1496 | D:4      | Noticed a slave
  1497 | D:4      | Noticed a slave
  1500 | D:4      | Noticed Pikel
  1545 | D:4      | Noticed Dowan
  1567 | D:4      | Noticed Duvessa
  1576 | D:5      | Entered Level 5 of the Dungeon
  1615 | D:5      | HP: 2/48 [slave[Pikel] (2)]
  1616 | D:5      | Found a bloodstained altar of Trog.
  1838 | D:5      | Annihilated by an ogre

Vault maps used:
D:1:      onia_arrival_pyramid
D:2:      lemuel_coloured_pillars_altar, first_bread, uniq_sigmund
D:4:      kennysheep_mini, lemuel_crystal_altar, uniq_eustachio, uniq_pikel,
          uniq_menkaure, uniq_duvessa
D:5:      kennysheep_mini_moat, temple_hall, basic_altar

Action                   |  1- 3 |  4- 6 || total
-------------------------+-------+-------++-------
Melee: Long sword        |   165 |       ||   165
       Hand axe          |     2 |    33 ||    35
       Morningstar       |       |    15 ||    15
       Scythe            |       |    11 ||    11
 Fire: Hunting sling     |     2 |       ||     2
Throw: Stone             |     6 |       ||     6
  Use: Scroll            |     4 |     3 ||     7
       Potion            |     4 |     1 ||     5
  Eat: Bread ration      |     1 |       ||     1
